 Dungeon Sprint DCSS version 0.17-a0-1450-g7e755d1 (webtiles) character file.

56 emikaela the Tainter (level 3, -13/23 HPs)
             Began as an Octopode Venom Mage on July 1, 2015.
             Was an Initiate of Ru.
             Mangled by a jumping spider (19 damage)
             ... in the Dungeon (Sprint V: "Ziggurat Sprint").
             The game lasted 00:07:03 (134 turns).

emikaela the Tainter (Octopode Venom Mage)           Turns: 134, Time: 00:07:03

Health: -13/23     AC:  1    Str: 22    XL:     3   Next: 95%
Magic:  6/6        EV:  7    Int: 30    God:    Ru [......]
Gold:   0          SH: 29    Dex: 24    Spells: 1 memorised, 6 levels left

rFire  . . .     SeeInvis +     L - +14 obsidian axe {chop, +Fly Str+3 SInv *Curse} (curse)
rCold  . . .     Clarity  .     K - +18 shield of the gong {rElec rN+ MR+ EV-5}
rNeg   + . .     SustAt   .     (helmet restricted)
rPois  .         Gourm    .     (no amulet)
rElec  +         Spirit   .     x - +6 ring of dexterity
rCorr  .         Warding  .     y - +6 ring of dexterity
rMut   .         NoTele   +     z - +6 ring of intelligence
MR     +....                    A - +6 ring of intelligence
Stlth  ++++......               B - +6 ring of strength
                                C - +6 ring of strength
                                (no ring)
                                (no ring)

@: mesmerised, somewhat resistant to hostile enchantments, stealthy
A: almost no armour, amphibious, 8 rings, constrict 8, camouflage 1, gelatinous
body 1
a: Renounce Religion, Evoke Flight


You were in the Dungeon.
You worshipped Ru.
Ru was noncommittal.
You were not hungry.

You visited 1 branch

Inventory:

Hand weapons
 H - the +6 Majin-Bo {vamp, Archmagi MP+6 Int+6}
   (You found it in the Dungeon)

   It inflicts no extra harm, but heals its wielder somewhat when it strikes a
   living foe.
   It affects your intelligence (+6).
   It affects your magic capacity (+6).
 L - the cursed +14 obsidian axe (weapon) {chop, +Fly Str+3 SInv *Curse}
   (You found it in the Dungeon)

   It inflicts extra damage upon your enemies.
   It affects your strength (+3).
   It lets you see invisible.
   It lets you fly.
   It may re-curse itself when equipped.
   It has a curse placed upon it.
 M - the +7 great mace "Firestarter" {inner flame, rF++}
   (You found it in the Dungeon)

   It has been specially enchanted to burn those struck by it, causing extra
   injury to most foes and up to half again as much damage against particularly
   susceptible opponents.
   It greatly protects you from fire.
 N - the +6 shillelagh "Devastator" {shatter}
   (You found it in the Dungeon)
 O - the +14 plutonium sword {*Contam Stlth-}
   (You found it in the Dungeon)

   It causes magical contamination when unequipped.
   It makes you less stealthy.
 P - the +8 lance "Wyrmbane" {slay drac, +Rage rPois rF+ AC+5}
   (You found it in the Dungeon)

   It affects your AC (+5).
   It protects you from fire.
   It protects you from poison.
   It lets you go berserk.
 R - the cursed +13 Scythe of Curses {drain, *Curse}
   (You found it in the Dungeon)

   A truly terrible weapon, it drains the life of those it strikes.
   It may re-curse itself when equipped.
   It has a curse placed upon it.
Missiles
 W - 1000 sling bullets
 X - 1000 arrows
 Y - 1000 bolts
Armour
 K - the +18 shield of the gong (worn) {rElec rN+ MR+ EV-5}
   (You found it in the Dungeon)

   It affects your evasion (-5).
   It insulates you from electricity.
   It protects you from negative energy.
   It affects your resistance to hostile enchantments.
Magical staves
 J - an uncursed staff of energy
Jewellery
 x - a +6 ring of dexterity (left tentacle)
 y - a +6 ring of dexterity (right tentacle)
 z - a +6 ring of intelligence (on tentacle)
 A - a +6 ring of intelligence (on tentacle)
 B - a +6 ring of strength (on tentacle)
 C - a +6 ring of strength (on tentacle)
Magical devices
 D - a wand of disintegration (7)
 E - a wand of fire (5)
 F - a wand of cold (5)
 G - a wand of draining (5)
Scrolls
 h - 4 scrolls of blinking
 o - 4 scrolls of amnesia
 p - 3 scrolls of recharging
 q - 7 scrolls of fog
 r - a scroll of holy word
 s - 5 scrolls of identify
 t - 5 scrolls of remove curse
 u - 2 scrolls of fear
Potions
 c - 10 potions of curing
 d - 10 potions of heal wounds
 e - 6 potions of haste
 f - 7 potions of magic
 g - 3 potions of berserk rage
 i - 2 potions of brilliance
 j - 2 potions of invisibility
 k - 4 potions of resistance
 m - 5 potions of agility
 n - 5 potions of might
Books
 a - a Young Poisoner's Handbook
Miscellaneous
 I - a disc of storms
 Q - a crystal ball of energy
Comestibles
 b - 5 bread rations
 v - 42 fruits
 w - 4 meat rations


   Skills:
 + Level 1.4 Fighting
 + Level 1.4 Axes
 + Level 2.6 Dodging
 - Level 2.6 Stealth
 * Level 5.7 Shields
 + Level 2.6 Spellcasting
 + Level 1.5 Conjurations
 + Level 8.3 Poison Magic


You had 6 spell levels left.
You knew the following spells:

 Your Spells              Type           Power        Failure   Level  Hunger
a - Sting                 Conj/Pois      ####         3%          1    None


Dungeon Overview and Level Annotations

Branches:
Dungeon (1/1)

Altars:
Ashenzari
Cheibriados
Dithmenos
Elyvilon
Fedhas
Gozag
Kikubaaqudgha
Makhleb
Nemelex Xobeh
Okawaru
Qazlal
Ru
Sif Muna
Trog
Vehumet
Xom
Yredelemnul
Zin
The Shining One
Beogh
Jiyva
Lugonu


Innate Abilities, Weirdness & Mutations

You cannot wear most types of armour.
You are amphibious.
You can wear up to eight rings at the same time.
You can use your tentacles to constrict eight enemies at once.
Your skin changes colour to match your surroundings (Stealth).
Your rubbery body absorbs attacks (AC +1).


Message History

Your Fighting skill increases to level 1!
Your Axes skill increases to level 1!
Your Conjurations skill increases to level 1!
Your Poison Magic skill increases to level 8!
You have reached level 3!
Your experience leads to an increase in your attributes!
Your base attributes are Str 7, Int 17, Dex 12.
Increase (S)trength, (I)ntelligence, or (D)exterity?
You feel clever.
You closely miss the jumping spider.
The jumping spider is moderately wounded.
You block the jumping spider's attack.
BOUMMMMG!
The jumping spider bites you. You block the jumping spider's attack.
GONNNNG!
You block the jumping spider's attack.
SHROANNG!
The jumping spider pounces on you!!
Ouch! That really hurt!
You die...

▓▓▓▓▓▓▓
▓.8©8.▓
▓.....▓
▓.[.s.▓
▓..@..▓
▓.....▓
▓.....▓
▓▓▓▓▓▓▓


You could see a jumping spider.

Vanquished Creatures
  A scorpion (D)
1 creature vanquished.

Notes
Turn   | Place    | Note
--------------------------------------------------------------
     0 | D        | emikaela the Octopode Venom Mage began the quest for the Orb.
     0 | D        | Reached XP level 1. HP: 11/11 MP: 3/3
     0 | D        | Found a roughly hewn altar of Beogh.
     0 | D        | Found a corrupted altar of Lugonu.
     0 | D        | Found a viscous altar of Jiyva.
     0 | D        | Found a white marble altar of Elyvilon.
     0 | D        | Found a sparkling altar of Nemelex Xobeh.
     0 | D        | Found a burning altar of Makhleb.
     0 | D        | Found an iron altar of Okawaru.
     0 | D        | Found a deep blue altar of Sif Muna.
     0 | D        | Found a radiant altar of Vehumet.
     0 | D        | Found a bloodstained altar of Trog.
     0 | D        | Found a shimmering altar of Xom.
    75 | D        | Became a worshipper of Ru the Awakened
   124 | D        | Reached skill level 5 in Shields
   124 | D        | Reached skill level 7 in Poison Magic
   124 | D        | Reached XP level 2. HP: 17/17 MP: 5/5
   130 | D        | Entered arena 1.
   130 | D        | Noticed a scorpion
   130 | D        | Noticed a jumping spider
   134 | D        | Killed a scorpion
   134 | D        | Reached skill level 1 in Fighting
   134 | D        | Reached skill level 1 in Axes
   134 | D        | Reached skill level 1 in Conjurations
   134 | D        | Reached skill level 8 in Poison Magic
   134 | D        | Reached XP level 3. HP: 8/23 MP: 6/6
   134 | D        | Mangled by a jumping spider

Vault maps used:
D:        sprint_v

Action                   || total
-------------------------++-------
Melee: Broad axe         ||     2
  Use: Potion            ||     1
 Stab: Sleeping          ||     2
